 Dungeon Crawl Stone Soup version 0.30.0-15-g856e2d3f33 (webtiles) character file.

Game seed: 17729999435862576194

5074 qw the Cleaver (level 10, -4/65 HPs)
             Began as a Gargoyle Cinder Acolyte on May 18, 2023.
             Was a Priest of Ignis.
             Slain by Harold
             ... wielding a +0 heavy halberd
              (13 damage)
             ... on level 9 of the Dungeon.
             The game lasted 00:03:35 (6897 turns).

qw the Cleaver (Gargoyle Cinder Acolyte)            Turns: 6897, Time: 00:03:35

Health: -4/65      AC: 32    Str: 22    XL:     10   Next: 56%
Magic:  11/11      EV:  6    Int: 15    God:    Ignis [***...]
Gold:   487        SH:  0    Dex:  5    Spells: 11/11 levels left

rFire   + . .        i - +0 hand axe (spect)
rCold   . . .        (no shield)
rNeg    + . .        e - +0 plate armour
rPois   inf          (no helmet)
rElec   +            (no cloak)
rCorr   .            n - +0 pair of gloves
SInv    .            (no boots)
Will    .....        q - amulet of regeneration Stlth
                     f - +4 ring of slaying {mikee}
HPRegen 1.10/turn    j - +4 ring of protection
MPRegen 0.12/turn

%: no passive effects
@: about to teleport, marked, fiery-armoured
A: sickness immunity, AC +7, negative energy resistance 1, electricity
resistance, torment resistance 1, petrification resistance
a: Renounce Religion, Fiery Armour, Foxfire Swarm, Rising Flame


You were on level 9 of the Dungeon.
You worshipped Ignis.
Ignis was most pleased with you.
You visited 1 branch of the dungeon, and saw 9 of its levels.
You also visited: Sewer.

You collected 487 gold pieces.


Innate Abilities, Weirdness & Mutations

You are immune to sickness and miasma.
Your stone body is resilient. (AC +7)
You are immune to poison.
You resist negative energy. (rN+)
You are resistant to electric shocks. (rElec)
You are resistant to unholy torment.
You are immune to petrification.


   Skills:
 - Level 8.5 Fighting
 - Level 11.0 Axes
 - Level 1.5 Throwing
 - Level 7.2 Armour
 + Level 0.0 Dodging
 - Level 1.0 Spellcasting
 - Level 3.0 Fire Magic


You had 11 spell levels left.
You didn't know any spells.
Your spell library contained the following spells:

 Spells                   Type           Power      Damage    Failure   Level
 Scorch                   Fire           18%        2d5       87%         2

Inventory:

Hand Weapons
 g - a +0 antimagic flail
 i - a +0 spectral hand axe (weapon)
Missiles
 a - 9 boomerangs (quivered)
Armour
 e - a +0 plate armour (worn)
 n - a +0 pair of gloves (worn)
Jewellery
 f - a +4 ring of slaying (left hand) {mikee}
 j - a +4 ring of protection (right hand)
 q - an amulet of regeneration (around neck)
Scrolls
 b - a scroll of brand weapon
 d - 4 scrolls of teleportation
 m - 4 scrolls of identify
Potions
 c - a potion of haste
 h - 5 potions of heal wounds
 k - 4 potions of might
 l - 3 potions of curing

Dungeon Overview and Level Annotations

Branches:
Dungeon (9/15)             Temple (0/1) D:6           Sewer (visited)
   Lair: D:8-11         Orc: D:9-12

Altars:
Dithmenos
Gozag
Hepliaklqana
Kikubaaqudgha
Qazlal
Ru
Trog
Uskayaw
Vehumet
Yredelemnul

Shops:
D:1 (

Portals:
Bailey: D:7

Annotations:
D:2 1 runed translucent door, Crazy Yiuf
D:9 Harold


Message History

Harold throws a throwing net.
The throwing net hits you.
You become entangled in the net!
Your Armour skill increases to level 7!
Autopickup is now on.
Lua error: [string "/dgldir/rcfiles/crawl-bot-0.30/qwlua.rc"]:3713: Cannot currently process new keys (there is pending input)
You struggle against the net.
Something hits you!
Deactivating autopickup; reactivate with Ctrl-A.
Harold gestures at you while chanting. The mark upon you grows brighter.
Autopickup is now on.
Lua error: [string "/dgldir/rcfiles/crawl-bot-0.30/qwlua.rc"]:3713: Cannot currently process new keys (there is pending input)
6894 ||| INVOKING Fiery Armour.
A protective cloak of flame settles atop you.
Something hits you but does no damage.
Deactivating autopickup; reactivate with Ctrl-A.
Harold hits you from afar with a +0 heavy halberd!
Autopickup is now on.
Lua error: [string "/dgldir/rcfiles/crawl-bot-0.30/qwlua.rc"]:3713: Cannot currently process new keys (there is pending input)
You struggle against the net.
Something hits you but does no damage.
Deactivating autopickup; reactivate with Ctrl-A.
A slime creature comes into view.
Autopickup is now on.
Lua error: [string "/dgldir/rcfiles/crawl-bot-0.30/qwlua.rc"]:3713: Cannot currently process new keys (there is pending input)
You shred the net and break free!
Harold hits you from afar with a +0 heavy halberd!
Something hits you but does no damage.
Deactivating autopickup; reactivate with Ctrl-A.
Autopickup is now on.
Lua error: [string "/dgldir/rcfiles/crawl-bot-0.30/qwlua.rc"]:3713: Cannot currently process new keys (there is pending input)
6897 ||| READING 5 scrolls of teleportation.
As you read the scroll of teleportation, it crumbles to dust.
You feel strangely unstable. Something hits you but does no damage.
Deactivating autopickup; reactivate with Ctrl-A.
Something hits you but does no damage.
A wight comes into view. It is wielding a +5 scimitar.
Harold hits you from afar with a +0 heavy halberd!
You die...

. 7.7 # 7.. ..#
##..z#######...#
......%.........
.....@J@<.......
......).........
................
................
................
###.............
#.............
#.............


You could see Harold, a slime creature and a wight.

Vanquished Creatures
  Psyche (D:8)
  A troll (D:7)
  A hornet (D:9)
  Sigmund (D:2)
  A shadow (D:9)
  Eustachio (D:6)
  6 yaks
  Menkaure (D:7)
  An acid dragon (D:8)
  3 water moccasins
  2 orc warriors
  2 ice beasts
  2 ogres (D:7)
  2 centaurs
  2 kobold brigands
  5 bullfrogs
  A scorpion (D:7)
  5 wights (D:6)
  7 killer bees
  An orc priest (D:8)
  4 hounds
  2 jellies (D:6)
  3 iguanas
  Jessica (D:3)
  Natasha (thrice) (D:3)
  3 orc wizards
  13 adders
  7 gnolls
  A river rat (D:6)
  3 white imps
  A worm (D:6)
  A dart slug (D:1)
  12 orcs
  12 ball pythons
  14 endoplasms
  13 giant cockroaches
  7 goblins
  7 hobgoblins
  7 jackals
  12 quokkas
  4 bats
  11 frilled lizards
  11 kobolds
  3 rats
201 creatures vanquished.

Notes
Turn   | Place    | Note
-------+----------+-------------------------------------------
     0 | D:1      | qw the Gargoyle Cinder Acolyte began the quest for the Orb.
     0 | D:1      | Reached XP level 1. HP: 14/14 MP: 2/2
     0 | D:1      | 0 ||| qw: Version: 0.2-a-95-gc95f03d
     0 | D:1      | 0 ||| qw: Game counter: 50
     0 | D:1      | 0 ||| qw: Always use a shield: true
     0 | D:1      | 0 ||| qw: God list: Okawaru
     0 | D:1      | 0 ||| qw: Allow faded altars: false
     0 | D:1      | 0 ||| qw: Do Orc after D:15 true
     0 | D:1      | 0 ||| qw: Do second Lair branch before Depths: true
     0 | D:1      | 0 ||| qw: Lair rune preference: random
     0 | D:1      | 0 ||| qw: Plans: Normal
     0 | D:1      | 0 ||| PLANNING D:1-11
   261 | D:1      | Reached skill level 3 in Axes
   289 | D:1      | Reached XP level 2. HP: 15/19 MP: 3/3
   380 | D:1      | 380 ||| INVOKING Fiery Armour.
   454 | D:1      | Found Sobu's Antique Weapon Shoppe.
   463 | D:1      | 463 ||| SHOPLISTING glowing war axe (188 gold, have 0).
   734 | D:1      | 734 ||| Stepping ~*~*~tactically~*~*~ (stealth).
   955 | D:1      | 955 ||| DROPPING orb of guile.
   956 | D:1      | 956 ||| UPGRADING to +4 ring of slaying {mikee}.
   957 | D:1      | 957 ||| READING scroll labelled KULONE ATROAF.
   958 | D:1      | 958 ||| READING scroll labelled EQIMAF KEASA.
   963 | D:1      | 963 ||| READING 2 scrolls labelled NYTONO COVARYL.
   964 | D:1      | 964 ||| READING scroll labelled COP ESTRONN.
   965 | D:1      | 965 ||| READING scroll labelled BUYDER SICEDAU.
   966 | D:1      | 966 ||| DRINKING 2 ruby potions.
   967 | D:1      | 967 ||| DROPPING scroll of magic mapping.
  1000 | D:2      | Reached XP level 3. HP: 23/23 MP: 4/4
  1095 | D:2      | Reached skill level 4 in Axes
  1134 | D:2      | Reached XP level 4. HP: 28/28 MP: 5/5
  1226 | D:2      | Found a runed translucent door.
  1227 | D:2      | Noticed Crazy Yiuf
  1437 | D:2      | Noticed Sigmund
  1448 | D:2      | Killed Sigmund
  1449 | D:2      | Reached skill level 6 in Axes
  1449 | D:2      | Reached XP level 5. HP: 28/32 MP: 6/6
  1449 | D:2      | Reached XP level 6. HP: 32/37 MP: 7/7
  1873 | D:2      | 1873 ||| UPGRADING to +0 leather armour.
  1883 | D:2      | 1883 ||| DROPPING +0 robe.
  1884 | D:2      | 1884 ||| UPGRADING to +0 ring mail.
  1894 | D:2      | 1894 ||| DROPPING +0 leather armour.
  1895 | D:2      | 1895 ||| READING scroll labelled HYTZOSTIPS.
  1896 | D:2      | 1896 ||| READING scroll labelled CAOKHI ZAMIX.
  1897 | D:2      | 1897 ||| DRINKING 2 clear potions.
  1898 | D:2      | 1898 ||| DRINKING 2 smoky orange potions.
  1899 | D:2      | 1899 ||| DRINKING 2 bubbling purple potions.
  1958 | D:3      | Noticed Natasha
  1959 | D:3      | 1959 ||| Stepping ~*~*~tactically~*~*~ (hiding).
  1960 | D:3      | 1960 ||| Stepping ~*~*~tactically~*~*~ (hiding).
  1964 | D:3      | 1964 ||| Stepping ~*~*~tactically~*~*~ (hiding).
  1967 | D:3      | Killed Natasha
  1968 | D:3      | Reached skill level 1 in Armour
  2003 | D:3      | 2003 ||| Stepping ~*~*~tactically~*~*~ (stealth).
  2067 | D:3      | Found a sacrificial altar of Ru.
  2070 | D:3      | 2070 ||| Stepping ~*~*~tactically~*~*~ (hiding).
  2073 | D:3      | Noticed Natasha
  2074 | D:3      | 2074 ||| INVOKING Fiery Armour.
  2083 | D:3      | Killed Natasha
  2108 | D:3      | Noticed Jessica
  2112 | D:3      | Killed Jessica
  2350 | D:3      | 2350 ||| Stepping ~*~*~tactically~*~*~ (stealth).
  2355 | D:3      | 2355 ||| Stepping ~*~*~tactically~*~*~ (stealth).
  2360 | D:3      | 2360 ||| Stepping ~*~*~tactically~*~*~ (stealth).
  2498 | D:3      | Noticed Natasha
  2499 | D:3      | 2499 ||| Stepping ~*~*~tactically~*~*~ (hiding).
  2514 | D:3      | Killed Natasha
  2590 | D:3      | Found a hide-covered altar of Uskayaw.
  2653 | D:3      | 2653 ||| UPGRADING to +0 plate armour.
  2663 | D:3      | 2663 ||| DROPPING +0 ring mail.
  2664 | D:3      | 2664 ||| UPGRADING to +4 ring of protection.
  2665 | D:3      | 2665 ||| READING 3 scrolls labelled MIPNADDOCZU.
  2666 | D:3      | 2666 ||| READING 2 scrolls of brand weapon.
  2666 | D:3      | 2666 ||| BRANDING +0 heavy hand axe.
  2702 | D:3      | 2702 ||| READING scroll labelled MODURCHO OCEESM.
  2703 | D:3      | 2703 ||| DRINKING 2 gluggy clear potions.
  2704 | D:3      | 2704 ||| DROPPING potion of magic.
  2737 | D:4      | Reached XP level 7. HP: 37/43 MP: 8/8
  3037 | D:4      | Reached skill level 3 in Armour
  3040 | D:4      | 3040 ||| Stepping ~*~*~tactically~*~*~ (stealth).
  3049 | D:4      | 3049 ||| Stepping ~*~*~tactically~*~*~ (stealth).
  3053 | D:4      | 3053 ||| Stepping ~*~*~tactically~*~*~ (stealth).
  3055 | D:4      | 3055 ||| Stepping ~*~*~tactically~*~*~ (stealth).
  3057 | D:4      | 3057 ||| Stepping ~*~*~tactically~*~*~ (hiding).
  3209 | D:4      | 3209 ||| Stepping ~*~*~tactically~*~*~ (hiding).
  3279 | D:4      | 3279 ||| Stepping ~*~*~tactically~*~*~ (stealth).
  3362 | D:4      | 3362 ||| DROPPING ring of magical power.
  3363 | D:4      | 3363 ||| READING scroll labelled KIDWIHUIBO.
  3391 | D:5      | Entered Level 5 of the Dungeon
  3523 | D:5      | Found a shadowy altar of Dithmenos.
  3608 | D:5      | 3608 ||| Stepping ~*~*~tactically~*~*~ (hiding).
  3624 | D:5      | 3624 ||| Stepping ~*~*~tactically~*~*~ (stealth).
  3632 | D:5      | 3632 ||| Stepping ~*~*~tactically~*~*~ (stealth).
  3633 | D:5      | 3633 ||| Stepping ~*~*~tactically~*~*~ (stealth).
  3683 | D:5      | 3683 ||| DROPPING +0 spectral club.
  3721 | D:5      | Reached skill level 7 in Axes
  3797 | D:5      | Found a hazy altar of Hepliaklqana.
  4056 | D:5      | Reached XP level 8. HP: 49/49 MP: 9/9
  4218 | D:5      | Found a radiant altar of Vehumet.
  4387 | D:5      | 4387 ||| UPGRADING to +0 pair of gloves.
  4392 | D:5      | 4392 ||| UPGRADING to amulet of regeneration.
  4397 | D:5      | 4397 ||| DROPPING ring of resist corrosion.
  4398 | D:5      | 4398 ||| READING scroll labelled CIHAUF OTHRE.
  4399 | D:5      | 4399 ||| READING scroll labelled NEICAQ DYCIF.
  4408 | D:5      | 4408 ||| READING 4 scrolls of identify.
  4408 | D:5      | 4408 ||| IDENTIFYING lumpy blue potion
  4409 | D:5      | 4409 ||| DROPPING potion of berserk rage.
  4425 | D:6      | 4425 ||| PLANNING SEWER
  4427 | D:6      | 4427 ||| Stepping ~*~*~tactically~*~*~ (hiding).
  4434 | D:6      | Reached skill level 1 in Throwing
  4453 | D:6      | 4453 ||| INVOKING Fiery Armour.
  4457 | D:6      | Reached skill level 8 in Axes
  4554 | D:6      | Found a staircase to the Ecumenical Temple.
  4575 | D:6      | Noticed Eustachio
  4577 | D:6      | 4577 ||| Stepping ~*~*~tactically~*~*~ (hiding).
  4599 | D:6      | Killed Eustachio
  4600 | D:6      | Reached skill level 6 in Fighting
  4608 | D:6      | Noticed a yak
  4609 | D:6      | Noticed a yak
  4609 | D:6      | 4609 ||| Stepping ~*~*~tactically~*~*~ (stealth).
  4612 | D:6      | Noticed a yak
  4616 | D:6      | Killed a yak
  4623 | D:6      | Killed a yak
  4624 | D:6      | Reached XP level 9. HP: 34/56 MP: 10/10
  4760 | D:6      | 4760 ||| Stepping ~*~*~tactically~*~*~ (stealth).
  4761 | D:6      | 4761 ||| Stepping ~*~*~tactically~*~*~ (stealth).
  4764 | D:6      | 4764 ||| Stepping ~*~*~tactically~*~*~ (stealth).
  4765 | D:6      | 4765 ||| Stepping ~*~*~tactically~*~*~ (stealth).
  4821 | D:6      | Found an opulent altar of Gozag.
  4860 | D:6      | Reached skill level 9 in Axes
  4922 | D:6      | Found a glowing drain.
  4923 | D:6      | 4923 ||| DROPPING amulet of the acrobat.
  4927 | Sewer    | Entered a sewer
  5135 | Sewer    | 5135 ||| Stepping ~*~*~tactically~*~*~ (water).
  5136 | Sewer    | 5136 ||| INVOKING Fiery Armour.
  5168 | D:6      | 5168 ||| PLANNING D:1-11
  5277 | D:7      | Found a flagged portal.
  5278 | D:7      | 5278 ||| Stepping ~*~*~tactically~*~*~ (stealth).
  5280 | D:7      | 5280 ||| Stepping ~*~*~tactically~*~*~ (hiding).
  5283 | D:7      | 5283 ||| Stepping ~*~*~tactically~*~*~ (hiding).
  5309 | D:7      | Found a stormy altar of Qazlal.
  5373 | D:7      | 5373 ||| Stepping ~*~*~tactically~*~*~ (stealth).
  5375 | D:7      | 5375 ||| Stepping ~*~*~tactically~*~*~ (stealth).
  5377 | D:7      | 5377 ||| Stepping ~*~*~tactically~*~*~ (hiding).
  5378 | D:7      | 5378 ||| Stepping ~*~*~tactically~*~*~ (hiding).
  5380 | D:7      | 5380 ||| Stepping ~*~*~tactically~*~*~ (hiding).
  5385 | D:7      | Reached skill level 6 in Armour
  5429 | D:7      | 5429 ||| Stepping ~*~*~tactically~*~*~ (stealth).
  5432 | D:7      | 5432 ||| INVOKING Fiery Armour.
  5435 | D:7      | Found a bloodstained altar of Trog.
  5451 | D:7      | 5451 ||| DROPPING +0 flail.
  5485 | D:7      | Reached skill level 10 in Axes
  5528 | D:7      | Noticed a troll
  5536 | D:7      | Killed a troll
  5537 | D:7      | Reached XP level 10. HP: 44/65 MP: 11/11
  5745 | D:7      | Noticed Menkaure
  5748 | D:7      | Killed Menkaure
  5750 | D:7      | 5750 ||| Stepping ~*~*~tactically~*~*~ (stealth).
  5918 | D:8      | 5918 ||| Stepping ~*~*~tactically~*~*~ (hiding).
  6218 | D:8      | Noticed Psyche
  6227 | D:8      | Killed Psyche
  6271 | D:8      | Found a basalt altar of Yredelemnul.
  6289 | D:8      | 6289 ||| Stepping ~*~*~tactically~*~*~ (stealth).
  6387 | D:8      | Found an ancient bone altar of Kikubaaqudgha.
  6396 | D:8      | 6396 ||| Stepping ~*~*~tactically~*~*~ (hiding).
  6399 | D:8      | 6399 ||| Stepping ~*~*~tactically~*~*~ (hiding).
  6747 | D:8      | 6747 ||| DROPPING ring of flight.
  6748 | D:8      | 6748 ||| READING scroll labelled HAAPAU RIFEYNAF.
  6881 | D:9      | Noticed Harold
  6884 | D:9      | Reached skill level 11 in Axes
  6894 | D:9      | 6894 ||| INVOKING Fiery Armour.
  6896 | D:9      | HP: 8/65 [Harold/+0 heavy halberd (16)]
  6897 | D:9      | 6897 ||| READING 5 scrolls of teleportation.
  6897 | D:9      | Slain by Harold

Levels and vault maps discovered:
D:1:      wander_arrival_fairy_ring, layout_loops_corners, serial_shops, shop,
          shapermc_ecumenical_altar_petra
D:2:      layout_loops_ring, uniq_crazy_yiuf_cottage, uniq_sigmund
D:3:      layout_basic, lemuel_crystal_altar,
          nicolae_ru_great_annihilating_truth, minmay_parallelograms,
          skrybe_limestone_x, uniq_jessica, uniq_natasha
D:4:      layout_loops_ring, kennysheep_generic_room_12
D:5:      nicolae_cairo_tiling_very_big, layout_basic,
          worldfamousw_hep_ancestral_shrine,
          nicolae_dithmenos_through_a_glass_darkly, nicolae_vehumet_altar_sigil
D:6:      layout_cave_pools, lemuel_crystal_altar, temple_pool_b,
          gup_sewer_entry_bowl, uniq_eustachio
D:7:      layout_rooms, trog_antimagical, nicolae_qazlal_style_of_elements,
          enter_bailey_5, patterned_corridor, uniq_menkaure
D:8:      layout_gridville, mainiacjoe_overflow_six_doors_small,
          mainiacjoe_overflow_surrounded_room, uniq_psyche
D:9:      nzn_winding_woodlands_small [nzn_winding_woodlands_5x15_sawtooth,
          nzn_winding_woodlands_center_garden,
          nzn_winding_woodlands_5x15_crooked], layout_irregular_city,
          okawaru_gym_becter, hellmonk_lair_entry_icy, uniq_harold

Skill      XL: |  1  2  3  4  5  6  7  8  9 10 |
---------------+-------------------------------+-----
Axes           | 3 4 6 7 8 10 11 | 11.0
Armour         | 1 3 5 6 7 |  7.2
Fighting       | 4 5 6 8 |  8.5
Throwing       | 1 |  1.5
Spellcasting   | |  1.0
Fire Magic     | |  3.0

Action                     |  1- 3 |  4- 6 |  7- 9 | 10-12 || total
---------------------------+-------+-------+-------+-------++-------
  Melee: Hand axe          |   100 |   112 |   223 |    59 ||   494
         Punch             |       |       |     3 |       ||     3
  Throw: Boomerang         |       |       |   101 |    12 ||   113
 Invoke: Fiery Armour      |     1 |     1 |     3 |     1 ||     6
    Use: Scroll            |     5 |     5 |     4 |     2 ||    16
         Potion            |     1 |     4 |       |       ||     5
   Stab: Paralysed         |       |     1 |       |       ||     1
         Distracted        |       |       |     3 |     2 ||     5
 Armour: Robe              |    46 |    11 |       |       ||    57
         Ring mail         |       |    18 |       |       ||    18
         Plate armour      |       |     4 |   146 |    47 ||   197
  Dodge: Dodged            |    61 |    55 |    54 |    17 ||   187

Table legend:
 A = Non-vault XP
 B = Vault XP
 C = Vault XP percentage of total XP
 D = Non-vault monster count
 E = Vault monster count
 F = Vault count percentage of total count
                 A         B        C        D         E       F
            +---------+---------+-------+---------+---------+-------
      Total |    4643 |    2606 |  35.9 |     135 |      66 |  32.8
            +---------+---------+-------+---------+---------+-------
        D:1 |      30 |       0 |   0.0 |      17 |       0 |   0.0
        D:2 |      87 |     231 |  72.6 |      25 |       1 |   3.8
        D:3 |     142 |     115 |  44.7 |      17 |       6 |  26.1
        D:4 |     194 |       2 |   1.0 |      13 |       1 |   7.1
        D:5 |     600 |       0 |   0.0 |      12 |       0 |   0.0
        D:6 |    1277 |     230 |  15.3 |      18 |       5 |  21.7
        D:7 |    1753 |     539 |  23.5 |      23 |       8 |  25.8
        D:8 |     441 |     365 |  45.3 |       9 |       1 |  10.0
        D:9 |     119 |     888 |  88.2 |       1 |       6 |  85.7
      Sewer |       0 |     236 | 100.0 |       0 |      38 | 100.0
            +---------+---------+-------+---------+---------+-------
